 Dungeon Crawl Stone Soup version 0.30-b1-2-g02819fbbbe (webtiles) character file.

Game seed: 5443563338028202765

7 Alarkh the Charlatan (level 1, 0/16 HPs)
             Began as a Demonspawn Artificer on Nov 22, 2023.
             Constricted to death by a ball python (1 damage)
             ... on level 1 of the Dungeon.
             The game lasted 00:00:20 (202 turns).

Alarkh the Charlatan (Demonspawn Artificer)          Turns: 202, Time: 00:00:21

Health: 0/16       AC:  3    Str: 12    XL:     1   Next: 91%
Magic:  1/1        EV:  8    Int: 12    God:
Gold:   0          SH:  0    Dex: 13    Spells: 0/0 levels left

rFire   . . .        a - +0 club
rCold   . . .        (no shield)
rNeg    . . .        b - +0 leather armour
rPois   .            (no helmet)
rElec   .            (no cloak)
rCorr   .            (no gloves)
SInv    .            (no boots)
Will    .....        (no amulet)
Stlth   +            (no ring)
HPRegen 0.22/turn    (no ring)
MPRegen 0.07/turn

%: no passive effects
@: constricted
A: no striking features
a: no special abilities


You were on level 1 of the Dungeon.
You visited 1 branch of the dungeon, and saw 1 of its levels.

Inventory:

Hand Weapons
 a - a +0 club (weapon)
Armour
 b - a +0 leather armour (worn)
Wands
 c - a wand of flame (11) (quivered)
 d - a wand of charming (15)
 e - a wand of iceblast (5)


   Skills:
 + Level 2.0 Fighting
 - Level 1.7 Armour
 - Level 0.8 Dodging
 - Level 0.8 Stealth
 - Level 3.0 Evocations


You couldn't memorise any spells.
You didn't know any spells.
Your spell library was empty.

Dungeon Overview and Level Annotations

Branches:
Dungeon (1/15)

Altars:


Message History

The ball python attacks as you move away!
The ball python bites you. x2; The ball python grabs you.
The ball python constricts you. The ball python barely misses you.
You escape the ball python's grasp.
The ball python attacks as you move away!
The ball python bites you.
The ball python attacks as you move away!
The ball python bites you but does no damage.
The ball python misses you. The ball python grabs you.
The ball python constricts you.
You see here a hobgoblin corpse.
Aiming: Throw Flame
Press: ? - help, Shift-Dir - straight line, f - ball python
Aim: a ball python (constricting you, 68% to hit)
The puff of flame hits the ball python!
You kill the ball python!
Your Fighting skill increases to level 2!
Unknown command.
You closely miss the ball python.
The ball python bites you but does no damage.
The ball python grabs you. The ball python constricts you.
The ball python bites you.
* * * LOW HITPOINT WARNING * * *
The ball python constricts you.
You hit the ball python.
The ball python is heavily wounded.
The ball python barely misses you. The ball python constricts you.
The ball python bites you.
* * * LOW HITPOINT WARNING * * *
The ball python constricts you.
You closely miss the ball python.
The ball python is heavily wounded.
The ball python bites you but does no damage.
The ball python constricts you.
* * * LOW HITPOINT WARNING * * *
You closely miss the ball python.
The ball python is heavily wounded.
The ball python bites you but does no damage.
The ball python constricts you.
You die...

##### ###### ....##
#....# ###..## #....#
####..## #....#
#.#....###....#
#.#...........##########
.......##.....'.@S..>..#
#......###....######.#.#
..#....# #....#......#.#
..#....# #....#......#.#
###....# #....#......#.#
#....# #....#......#.#
#....# ######.†....#.#
..... ............♣♣♣
..........♣♣♣♣♣


You could see a ball python.

Vanquished Creatures
  A ball python (D:1)
  2 endoplasms (D:1)
  2 hobgoblins (D:1)
  A bat (D:1)
6 creatures vanquished.

Notes
Turn   | Place    | Note
-------+----------+-------------------------------------------
     0 | D:1      | Alarkh the Demonspawn Artificer began the quest for the
                  | Orb.
     0 | D:1      | Reached XP level 1. HP: 15/15 MP: 1/1
   202 | D:1      | Constricted to death by a ball python

Illustrated notes

Levels and vault maps discovered:
D:1:      dpeg_arrival_ternary, layout_basic, serial_bayou, serial_bayou_ford_a,
          serial_bayou_shore_a, serial_bayou_lagoon_a, serial_bayou_crossing

Skill      XL: |  1 |
---------------+----+-----
Fighting       | 2 |  2.0
Armour         | |  1.7
Dodging        | |  0.8
Stealth        | |  0.8
Evocations     | |  3.0

Action                     || total
---------------------------++-------
  Melee: Club              ||    30
  Evoke: Wand              ||     4
 Armour: Leather armour    ||    29
  Dodge: Dodged            ||    30
